[Event "1st Serbian League 2022"]
[Site "Vrnjacka Banja"]
[Date "2022.09.22"]
[Round "3.15"]
[White "Milenkovic, Mladen"]
[Black "Pap, Misa"]
[Result "0-1"]
[ECO "B77"]
[WhiteElo "2379"]
[BlackElo "2381"]
[Annotator "TA"]
[PlyCount "117"]
[EventDate "2022.09.20"]
[EventType "team-tourn"]
[EventCountry "SRB"]
[SourceTitle "playchess.com"]
[Source "ChessBase"]
[SourceQuality "1"]
[TimeControl "40/5400+30:1800+30"]

1. e4 c5 2. Nf3 Nc6 3. Nc3 g6 4. d4 cxd4 5. Nxd4 Bg7 6. Be3 Nf6 7. Bc4 O-O 8. Bb3 d6 9. f3 Bd7 10. Qd2 Na5 11. Bh6 {[%emt 0:03:09] B77: Sicilian Dragon: Yugoslav Attack, 9 Bc4 sidelines.} Nxb3 12. axb3 Bxh6 13. Qxh6 {[%emt 0:01:51] The position is equal.} Qb6 14. Rd1 Rac8 15. h4 {[%emt 0:10:04][%cal Oh4h5] [#]} Qa5 $146 {[%emt 0:06:31] Prevents h5.} ({Predecessor:} 15... e5 16. Nde2 Be6 17. g4 Bxg4 18. fxg4 Nxg4 19. Qg5 Rxc3 20. bxc3 Nf2 21. Rf1 Nxe4 {1-0 (39) Michelakos,P (2244)-Gkogkas,D (2038) Rio Achaea 2018}) 16. h5 Nxh5 17. g4 Nf6 18. Ke2 {[%emt 0:00:22][%cal Oc3d5] And now Nd5! would win.} Rxc3 {[%emt 0:11:05] The board is on fire.} 19. bxc3 Qxc3 20. Rd3 Qc5 21. c4 Rc8 {[%emt 0:01:08] [#]} (21... b5 $11) 22. Nc2 (22. Nf5 $1 $14 Bxf5 (22... gxf5 23. Rd5) 23. exf5 (23. gxf5 a6 $11)) 22... Qe5 23. Ne3 Be6 ({Don't play} 23... Qb2+ 24. Rd2 Qe5 25. Nd5 $16) 24. Qh2 Qxh2+ 25. Rxh2 h5 26. gxh5 Nxh5 {[%emt 0:00:02] aiming for ...Nf4+.} 27. Kf2 Rc6 28. Nd5 Bxd5 29. exd5 $11 {[%emt 0:00:05][%mdl 4096] Endgame KRR-KRN} Rc5 30. Ke3 b5 31. Rc2 a5 32. Rd1 Nf6 33. Kd3 Nd7 34. f4 Nb6 35. Ra1 Kg7 36. Kd4 $2 (36. Rcc1 $11) 36... bxc4 37. bxc4 {[%emt 0:00:08] [#]} Nxd5 38. Re2 {[%emt 0:00:49] [#]} Nb4 (38... Nxf4 39. Rxe7 Ne6+ 40. Ke3 $15) 39. Rh1 {[%emt 0:00:31] [#]} Nc6+ $1 40. Kd3 Kf6 41. Rb1 Nb4+ 42. Kd4 Rf5 (42... Rh5 $19 43. Ke4 Na6) 43. Ke3 Rc5 44. Kd4 Rh5 45. Ra1 Rh3 46. c5 dxc5+ 47. Kc4 (47. Kxc5 $142 Nd3+ 48. Kc4) 47... Rf3 $19 ({Weaker is} 47... Nd3 48. Rf1 $17) 48. Re4 (48. Kxc5 $142 Rxf4 49. Rxa5) 48... e6 49. Kxc5 Nd3+ 50. Kd4 Nxf4 51. Rxa5 Nd5 {[%emt 0:00:48] Inhibits Re3.} 52. Re1 g5 53. Ra8 Ne7 54. Ke4 Rf4+ 55. Kd3 g4 56. Rg1 (56. Kd2 $142) 56... Ng6 {[%emt 0:00:32] Black is clearly winning.} 57. Ke3 e5 58. Ke2 Kg5 59. Rb8 {[%emt 0:09:33] Weighted Error Value: White=0.21 (precise) /Black=0.12 (very precise)} 0-1

[Event "1st Serbian League 2022"]
[Site "Vrnjacka Banja"]
[Date "2022.09.22"]
[Round "3.16"]
[White "Gagunashvili, Merab"]
[Black "Tadic, Branko"]
[Result "1/2-1/2"]
[ECO "E97"]
[WhiteElo "2552"]
[BlackElo "2455"]
[Annotator "TA"]
[PlyCount "60"]
[EventDate "2022.09.20"]
[EventType "team-tourn"]
[EventCountry "SRB"]
[SourceTitle "playchess.com"]
[Source "ChessBase"]
[SourceQuality "1"]
[TimeControl "40/5400+30:1800+30"]

1. d4 Nf6 2. c4 g6 3. Nc3 Bg7 4. e4 d6 5. Nf3 O-O 6. Be2 e5 7. O-O Nc6 8. d5 Ne7 9. b4 Ne8 10. a4 {[%emt 0:07:40] seems to push 10.c5 aside.} f5 {[%emt 0:00:22] E97: King's Indian: Classical Main Line (6...e5 7 0-0 Nc6): 8 Be3 and 8 d5 Ne7, not 9 Ne1.} 11. a5 Nf6 12. Ra3 {[%emt 0:07:54] [#]} Kh8 $146 {[%emt 0:04:17] White is slightly better.} ({Predecessor:} 12... h6 13. Nd2 g5 14. c5 Rf7 15. a6 b6 16. cxd6 cxd6 17. Qc2 g4 18. Nb5 Ne8 {1-0 (66) Donchenko,A (2657)-Gazik,V (2502) Skalica 2020}) 13. Bg5 Neg8 14. c5 Qd7 (14... h6 $14 15. Bxf6 Nxf6) 15. Nd2 Bh6 16. Bxh6 Nxh6 17. a6 $36 {[%emt 0:00:37][%mdl 2048] White has strong initiative.} bxa6 18. Bxa6 Bxa6 19. Rxa6 Nxe4 20. Ndxe4 fxe4 21. Nxe4 Qb5 {[%emt 0:11:44] [#]} (21... Nf5 $16 {might work better.}) 22. Qa1 (22. Rc6 $1 $18) 22... Rf4 $2 (22... Qxb4 $14 23. Ra4 Qb3) 23. f3 $18 Qxb4 24. cxd6 ({White should try} 24. Rc6 $18) 24... cxd6 $16 25. g3 ({Don't do} 25. Nxd6 Rd4 $14) (25. Rb1 $16 Qd4+ 26. Qxd4 exd4 27. Rd1 (27. Rxd6 a5 $16) (27. Nxd6 Rd8 $16)) 25... Rxe4 {[%emt 0:00:51] The position is equal.} 26. fxe4 Qxe4 27. Rxd6 {[%emt 0:04:11] [#] aiming for Re1.} ({Wrong is} 27. Rxa7 $2 Qe3+ 28. Kh1 Rxa7 $19) 27... Qe3+ 28. Kg2 Qe4+ (28... Nf5 29. Rd7 $16) 29. Kg1 {[%emt 0:00:25] Black must now prevent Re1. Active counter play!} Qe3+ 30. Kg2 Qe4+ {[%emt 0:00:04] Weighted Error Value: White=0.30/Black=0.29 (precise)} ({Much less strong is} 30... Nf5 31. Rd7 $16) 1/2-1/2

[Event "1st Serbian League 2022"]
[Site "Vrnjacka Banja"]
[Date "2022.09.22"]
[Round "3.16"]
[White "Milenkovic, Mladen"]
[Black "Pap, Misa"]
[Result "*"]
[ECO "E97"]
[WhiteElo "2379"]
[BlackElo "2381"]
[Annotator "TA"]
[PlyCount "28"]
[EventDate "2022.09.20"]
[EventType "team-tourn"]
[EventCountry "SRB"]
[SourceTitle "playchess.com"]
[Source "ChessBase"]
[SourceQuality "1"]
[TimeControl "40/5400+30:1800+30"]

1. d4 Nf6 2. c4 g6 3. Nc3 Bg7 4. e4 d6 5. Nf3 O-O 6. Be2 e5 7. O-O Nc6 8. d5 Ne7 9. b4 Ne8 10. a4 {[%emt 0:07:40][%cal Ba2a4,Ba4a5][%mdl 32] now supersedes 10.c5.} f5 {[%emt 1:21:48] E97: King's Indian: Classical Main Line (6...e5 7 0-0 Nc6): 8 Be3 and 8 d5 Ne7, not 9 Ne1.} 11. a5 Nf6 12. Ra3 {[%emt 0:07:54] [#]} Kh8 $146 ({Predecessor:} 12... h6 13. Nd2 g5 14. c5 Rf7 15. a6 b6 16. cxd6 cxd6 17. Qc2 g4 18. Nb5 Ne8 {1-0 (66) Donchenko,A (2657)-Gazik,V (2502) Skalica 2020}) 13. Bg5 Neg8 14. c5 {[%emt 0:06:49] White is more active.} Qd7 {[%emt 0:23:38] Black got outplayed after the opening.  Weighted Error Value: White=0.09 (flawless) /Black=0.16 (very precise)} *

[Event "1st Serbian League 2022"]
[Site "Vrnjacka Banja"]
[Date "2022.09.22"]
[Round "3.17"]
[White "Radovanovic, Mihajlo"]
[Black "Zlatanovic, Boroljub"]
[Result "1-0"]
[ECO "E97"]
[WhiteElo "2438"]
[BlackElo "2313"]
[Annotator "TA"]
[PlyCount "277"]
[EventDate "2022.09.20"]
[EventType "team-tourn"]
[EventCountry "SRB"]
[SourceTitle "playchess.com"]
[Source "ChessBase"]
[SourceQuality "1"]
[TimeControl "40/5400+30:1800+30"]

1. d4 Nf6 2. Nf3 g6 3. c4 Bg7 4. Nc3 d6 5. e4 O-O 6. Be2 e5 7. O-O Nc6 8. d5 Ne7 9. b4 Ne8 10. a4 {[%emt 0:01:42] seems to push 10.c5 aside.} f5 {[%emt 0:03:10] E97: King's Indian: Classical Main Line (6...e5 7 0-0 Nc6): 8 Be3 and 8 d5 Ne7, not 9 Ne1.} 11. a5 Nf6 12. Ra3 fxe4 {[%emt 0:06:44] White is slightly better.} 13. Ng5 {[%emt 0:01:12] [#]} Nf5 $146 ({Predecessor:} 13... Bf5 14. g4 h6 15. gxf5 hxg5 16. fxg6 Nxg6 17. Bxg5 Qd7 18. Bxf6 Rxf6 19. Bg4 Qe7 20. Nxe4 Rf4 21. Be6+ Kf8 22. Rg3 Nh4 23. Qh5 Rxe4 24. Qh8+ Bxh8 25. Rg8# {1-0 (25) Gago Padreny,I (2247)-Ovezdurdiyeva,J (2061) Chess.com INT 2021}) 14. Ncxe4 Nd4 15. Bd3 Bf5 (15... Nh5 $11 {remains equal.}) 16. Ng3 Bg4 17. Qe1 c6 18. Be3 cxd5 19. cxd5 Rc8 (19... Nxd5 $2 20. Bc4 $18) 20. Qb1 Kh8 (20... Nxd5 $2 21. Qa2 $18) 21. Qa2 (21. Bxd4 exd4 22. h3 (22. Ne6 Bxe6 23. dxe6 Nd5 $17) 22... Bd7) 21... Qe8 (21... Bd7 $11) 22. h3 $14 Bd7 23. N3e4 Qe7 24. Nxf6 Bxf6 25. Ne4 Nb5 (25... Bf5 $11) 26. Rb3 {[%emt 0:03:50] White is more active.} (26. Bxb5 $16 Bxb5 27. Rc1) 26... Bf5 $11 27. Nxf6 Bxd3 28. Rxd3 {[%emt 0:02:24] [#] And now Ne4 would win.} Qxf6 29. a6 b6 30. Qa4 Nc3 31. Qd7 (31. Qc2 $5 Ne4 32. Qd1 $15) 31... Qf5 32. Qxf5 gxf5 33. f4 $1 Ne2+ 34. Kf2 Nxf4 (34... e4 $5 35. Rd2 Nc1 $15) 35. Bxf4 exf4 {[%emt 0:00:01][%mdl 4096] Endgame KRR-KRR} 36. Re1 Rg8 $2 (36... Kg7 $1 $11) 37. Rd2 $16 Rc4 38. Re7 Rg7 39. Rb7 (39. Re8+ $16 Rg8 40. Re6) 39... Rxb4 $11 40. Rc2 h5 41. Rc8+ (41. Rxg7 Kxg7 42. Rc7+ Kf6 43. Rxa7 Ra4 $17) 41... Kh7 $1 42. Ra8 Kh6 (42... Rb2+ 43. Kf3 Kh6 44. Rxg7 (44. Rbxa7 Rxa7 45. Rxa7 Kg5 $11) (44. Raxa7 Rg8 $16) 44... Kxg7 45. Rxa7+ Kf6 46. Ra8 (46. Kxf4 Ra2 $11) 46... Rb3+ 47. Kxf4 Rb4+ 48. Ke3 $16) 43. Rh8+ Kg6 44. Rd8 Kf6 (44... Rb2+ 45. Kf3 Kf6 46. Rxd6+ Ke5 47. Re6+ (47. Rxg7 Rb3+ 48. Ke2 Rb2+ 49. Kd3 Kxd6 $11) 47... Kxd5 48. Rxg7 $14) (44... Rb2+ {is more complex.} 45. Kf3 Kf6 46. Rxd6+ Ke5) 45. Rxg7 Kxg7 46. Rxd6 {[%emt 0:00:06] [#] Hoping for Rd7+. KR-KR} Ra4 $1 47. Rd7+ Kf6 48. Rxa7 {[%emt 0:00:10] Threatens to win with Ra8.} Ke5 49. Ra8 Kxd5 50. Kf3 Kc6 51. h4 Kb5 52. Rh8 Kxa6 53. Rxh5 b5 54. Rxf5 b4 {[%emt 0:00:00] Strongly threatening ...b3.} 55. Rxf4 Kb5 56. h5 {[%emt 0:00:31] h6 is the strong threat.} b3 57. Rxa4 (57. Rf8 $11) 57... Kxa4 {[%emt 0:00:00] KPP-KP} (57... b2 {gets mated.} 58. Ra8 Kc4 59. Rb8 Kc3 60. h6 Kc2 61. h7 b1=Q 62. Rxb1 Kxb1 63. h8=Q) 58. h6 b2 59. h7 b1=Q 60. h8=Q {[%emt 0:00:03] KQ-KQ} Qf5+ 61. Kg3 Kb5 $2 (61... Qg5+ $11 62. Kh2 Qf4+ 63. Kh3 Qf5+ 64. Kg3 Qg5+ 65. Kh2 Qf4+ 66. Kh3 Qf5+ 67. Kg3) 62. Qd4 Kc6 $2 (62... Qg6+ $11 63. Qg4 Qf6 64. Qh5+ Kb6) 63. Qc4+ Kb6 64. Qf4 $2 (64. Qd4+ $11 Kb5 65. Qf4) 64... Qg6+ $2 (64... Qd5 $11) 65. Kf3 $2 (65. Kf2 $11) 65... Qh5+ $2 (65... Qc6+ $11 66. Qe4 Qf6+ 67. Kg4 Qg7+ 68. Kh5 Qh8+ 69. Kg5 Qd8+ 70. Kg4 Qc8+ 71. Qf5 Qc6) 66. g4 $2 (66. Ke4 $11) 66... Qh3+ $2 (66... Qd5+ $11 67. Qe4 Qd1+ 68. Kf4 Qd6+ 69. Qe5 Qf8+ 70. Qf5 Qb8+ 71. Kf3 Qa8+ 72. Kg3 Qa3+ 73. Kf4 Qc1+ 74. Ke5 Qe3+ 75. Kf6 Qc3+ 76. Ke6 Qc4+ 77. Ke7 Qc7+ 78. Kf8 Qd8+ 79. Kg7 Qe7+ 80. Kh6 Qe1) 67. Ke4 Kc6 $2 {[%emt 0:00:39][%mdl 8192] White leaves nothing to chance now.} (67... Ka5 $11) 68. Qf6+ Kd7 $2 (68... Kb5 $11) 69. Kf5 Ke8 70. Kg5 Qe3+ 71. Kg6 Qb3 72. g5 Qd3+ 73. Kg7 Qd7+ 74. Kh8 Qh3+ 75. Kg8 Qb3+ 76. Kg7 Qb7+ 77. Kh8 Qh1+ 78. Kg8 Qd5+ 79. Kh7 Qd7+ 80. Qg7 Qh3+ 81. Kg8 Qe6+ 82. Kh7 Qh3+ 83. Qh6 Qd7+ 84. Kh8 Qd4+ 85. Qg7 Qh4+ 86. Kg8 Qc4+ 87. Kh7 Qh4+ 88. Qh6 Qf4 89. g6 Qe4 90. Qg7 Qf5 91. Kg8 Qh5 92. Qf7+ Kd8 93. g7 Qg5 94. Qe6 Qh4 95. Qd6+ Ke8 96. Qe5+ Kd7 97. Kf7 Qc4+ 98. Kg6 Qg4+ 99. Qg5 Qe6+ 100. Kh7 Qh3+ 101. Qh6 Qf5+ 102. Kh8 Qe5 103. Qh3+ Kc6 104. Qf3+ Kb5 105. Kh7 Qe7 106. Kg6 Qe6+ 107. Qf6 Qc4 108. Qe5+ Ka6 109. Qd6+ Kb7 110. Qe7+ Ka6 111. Qa3+ Kb5 112. Qb2+ Ka4 113. Qe5 (113. Kh7 Qe4+ 114. Kh8 Qh1+ 115. Kg8 Qd5+ 116. Kh8 Qh1+ 117. Kg8 Qd5+ 118. Kh7 Qh5+ 119. Kg8 Qd5+ $11) 113... Qc6+ 114. Kf7 Qb7+ 115. Kf8 Qb4+ 116. Qe7 Qf4+ 117. Qf7 Qd6+ 118. Kg8 Qd4 $2 (118... Qd8+ $11 119. Kh7 Qh4+ 120. Kg8 (120. Kg6 Qg3+ 121. Kh5 Qh2+ 122. Kg5 Qg3+ 123. Kh6 Qe3+ 124. Kh5 Qh3+ 125. Kg6 Qg3+ 126. Kh6 Qe3+ 127. Kh7 Qh3+ 128. Kg8 Qc8+ 129. Qf8 Qe6+ 130. Kh8 Qh3+ 131. Kg8 Qe6+ 132. Qf7 Qc8+ 133. Kh7 Qh3+ 134. Kg8 Qc8+ $11) 120... Qd8+ 121. Kh7 Qh4+ 122. Kg8 (122. Kg6 Qg3+ 123. Kf6 Qf4+ 124. Ke7 Qb4+ 125. Ke6 Qc4+ 126. Ke7 Qb4+ 127. Kd7 Qb7+ 128. Ke6 Qb6+ 129. Ke7 Qb4+ $11) 122... Qd8+) 119. Qe6 Qf4 120. Qe8+ Ka5 121. Qh5+ Ka4 122. Kh8 Qd4 123. Qg5 Ka3 $2 (123... Kb3 $11 124. Qf5 Qc3) 124. Qe7+ Ka4 $2 (124... Kb3 $11 125. Qf7+ Kb2 126. Qb7+ Ka2 127. Qg2+ Ka1) 125. Kg8 {[%emt 0:00:22] White mates.} Qf4 126. Kh7 Qf5+ 127. Kh6 Qh3+ 128. Kg6 Qg4+ 129. Qg5 Qe6+ 130. Kh5 Qf7+ 131. Kg4 Qe6+ 132. Qf5 Qe2+ 133. Kh4 Qe1+ 134. Kh5 Qe8+ 135. Qg6 Qg8 136. Qc6+ Ka5 137. Kg6 Kb4 138. Qb7+ Ka3 139. Qf7 {[%emt 0:00:06] Weighted Error Value: White=0.11 (very precise) /Black=0.10 (very precise)} 1-0

[Event "1st Serbian League 2022"]
[Site "Vrnjacka Banja"]
[Date "2022.09.22"]
[Round "3.18"]
[White "Radlovacki, Jovan"]
[Black "Lukovic, Vladimir"]
[Result "0-1"]
[ECO "C54"]
[WhiteElo "2287"]
[BlackElo "2419"]
[Annotator "TA"]
[PlyCount "73"]
[EventDate "2022.09.20"]
[EventType "team-tourn"]
[EventCountry "SRB"]
[SourceTitle "playchess.com"]
[Source "ChessBase"]
[SourceQuality "1"]
[TimeControl "40/5400+30:1800+30"]

1. e4 e5 2. Bc4 Nf6 3. d3 Nc6 4. Nf3 Bc5 5. c3 d6 6. a4 {[%emt 0:00:29] [#] And now b4 would win. C54: Giuoco Piano: 4 c3 Nf6, main lines with 5 d4 and 5 d3.} a6 7. a5 h6 8. O-O {[%emt 0:02:11] The position is equal.} O-O 9. Re1 Ba7 10. Nbd2 Ne7 11. Nf1 {[%emt 0:02:45] [#]} c6 $146 ({Predecessor:} 11... Ng6 12. Ng3 c6 13. Bb3 d5 14. d4 dxe4 15. Nxe4 exd4 16. Nxd4 Nxe4 17. Rxe4 c5 {1-0 (39) Sengupta,D (2520)-Eugene,F (2377) Vandoeuvre 2021}) 12. Ba2 Ng6 13. Be3 Bxe3 14. Nxe3 Re8 (14... Nf4 {seems wilder.} 15. d4 exd4 16. Nxd4 Nxe4 17. Qf3 Nxf2 18. Qxf4 Nd3) 15. Qa4 Be6 16. g3 Bxa2 17. Qxa2 Qc7 18. Re2 Rad8 19. Rae1 d5 20. exd5 cxd5 21. d4 e4 22. Nd2 Qd7 23. f3 exf3 $1 24. Nxf3 Re6 25. Qb1 Rde8 26. Qd3 Ne4 27. Ne5 (27. b4 $11 {keeps the balance.}) 27... Nxe5 $17 28. dxe5 Rxe5 29. Nc4 R5e6 30. Nb6 Nc5 31. Qd4 Qb5 ({Resist} 31... Rxe2 32. Rxe2 Qd8 33. Rxe8+ (33. Qxd5 Ne6 $11) 33... Qxe8 34. Qxc5 $18) 32. Rxe6 Rxe6 33. Rxe6 {[%emt 0:00:17] This costs White the game.} (33. Rf1 $17 {was necessary.}) 33... fxe6 $19 (33... Nxe6 $2 {too greedy.} 34. Qa4 Qc5+ 35. Kg2 $19) 34. b4 Ne4 {[%emt 0:00:31] Hoping for ...Qe2.} 35. Nc8 $2 {[%emt 0:04:57] [#]} (35. Qe5 $19 Ng5 36. Qe3 (36. Qb8+ $2 Kh7 $19)) 35... Qe2 36. Ne7+ Kh7 {[%emt 0:02:22] ( -> ...Ng5)} 37. Nxd5 {[%emt 0:00:00] Weighted Error Value: White=0.44/Black=0.05 (flawless)} 0-1

[Event "1st Serbian League 2022"]
[Site "Vrnjacka Banja"]
[Date "2022.09.22"]
[Round "3.19"]
[White "Sarana, Alexey"]
[Black "Indjic, Aleksandar"]
[Result "1/2-1/2"]
[ECO "D41"]
[WhiteElo "2662"]
[BlackElo "2628"]
[Annotator "TA"]
[PlyCount "63"]
[EventDate "2022.09.20"]
[EventType "team-tourn"]
[EventCountry "SRB"]
[SourceTitle "playchess.com"]
[Source "ChessBase"]
[SourceQuality "1"]
[TimeControl "40/5400+30:1800+30"]

1. d4 d5 2. c4 e6 3. Nc3 Nf6 4. cxd5 Nxd5 5. e4 Nxc3 6. bxc3 c5 7. Nf3 cxd4 8. cxd4 Bb4+ 9. Bd2 Bxd2+ 10. Qxd2 O-O 11. Bc4 Nd7 12. O-O {[%emt 0:00:11] D41: Queen's Gambit Declined: Semi-Tarrasch with 5 cxd5.} b6 13. a4 Bb7 14. Rfe1 {[%emt 0:00:07] White is slightly better.} Nf6 15. Bd3 h6 16. h3 $1 {[%emt 0:00:25][%mdl 4] is currently scoring better than 16.a5.} Qc7 17. a5 bxa5 18. Rxa5 Rfc8 19. Qb4 {[%emt 0:04:16] [#]} Rcb8 $146 {[%emt 0:10:37][%cal Ob7e4] And now ...Bxe4! would win.} ({Predecessor:} 19... Qc3 20. Qxc3 Rxc3 21. Re3 Rac8 22. Rxa7 Bxe4 23. Bxe4 Rxe3 24. fxe3 Nxe4 {½-½ (45) Nepomniachtchi,I (2729)-Kryvoruchko,Y (2689) Riadh 2017}) 20. Qa3 Qf4 21. d5 ({Much worse is} 21. Rxa7 Nxe4 22. Rxa8 Rxa8 $11) 21... exd5 22. e5 Ne4 23. Rxa7 Rf8 24. Rxa8 Bxa8 25. Qc1 Qf5 26. Qe3 f6 27. exf6 Qxf6 28. Nd4 Qxf2+ {[%emt 0:05:50] The position is equal.} 29. Qxf2 Nxf2 30. Bg6 {[%emt 0:01:56] [#] Black must now prevent Nf5.} Ne4 31. Rc1 Nd6 32. h4 {[%emt 0:01:17] Weighted Error Value: White=0.06 (flawless) /Black=0.04 (flawless)} 1/2-1/2

[Event "1st Serbian League 2022"]
[Site "Vrnjacka Banja"]
[Date "2022.09.22"]
[Round "3.20"]
[White "Ivanisevic, Ivan"]
[Black "Ivic, Velimir"]
[Result "1-0"]
[ECO "D78"]
[WhiteElo "2547"]
[BlackElo "2553"]
[Annotator "TA"]
[PlyCount "71"]
[EventDate "2022.09.20"]
[EventType "team-tourn"]
[EventCountry "SRB"]
[SourceTitle "playchess.com"]
[Source "ChessBase"]
[SourceQuality "1"]
[TimeControl "40/5400+30:1800+30"]

1. d4 d5 2. c4 c6 3. Nf3 Nf6 4. g3 g6 5. Bg2 Bg7 6. Na3 O-O 7. O-O Qb6 {[%emt 0:01:20] [#] D78: Fianchetto Grünfeld: 6 0-0 c6.} 8. h3 $146 ({Predecessor:} 8. Qa4 Bf5 9. c5 Qa6 10. Qxa6 Nxa6 11. Bf4 b6 12. cxb6 axb6 13. Nb1 Nb4 14. Nc3 Ne4 15. Rfc1 Nxc3 16. Rxc3 {½-½ (47) Studer,N (2484)-Baenziger,F (2382) Lenzerheide 2018}) 8... Bf5 9. Nh4 Be6 {[%emt 0:02:27] Black is slightly better.} 10. Nc2 Nbd7 11. g4 h5 12. gxh5 Nxh5 13. e4 dxe4 (13... dxc4 14. d5 Rad8 15. dxe6 $11) 14. d5 $1 cxd5 15. cxd5 {[%emt 0:00:06] [#]} Bxh3 $1 16. Bxh3 Ne5 {[%emt 0:00:23] Strongly threatening ...Qf6.} 17. Nd4 Rad8 $1 18. Nhf5 $1 Qf6 19. Bg2 $1 (19. Nxg7 Kxg7 20. f4 Nd3 21. Nf5+ (21. Be3 $2 Rxd5 22. Nc2 Ng3 $19) 21... gxf5 22. Qxh5 Rxd5 23. Qg5+ Qxg5+ 24. fxg5 Rc8 $17) 19... Rxd5 20. Bxe4 Rd7 (20... Rdd8 $5 21. Qe2 $8 (21. Nxg7 $2 Kxg7 22. f4 Rxd4 $19) 21... gxf5 22. Nxf5 e6 23. Nh6+ (23. Qxh5 exf5 24. Bg5 Qe6 $15) 23... Bxh6 24. Qxh5 Qg7+ 25. Kh1 Bxc1 $11) 21. Qe2 $1 (21. Nxg7 $2 Kxg7 22. Be3 (22. Qd2 $2 Rxd4 23. Qxd4 Nf3+ 24. Bxf3 Qxd4 $19) 22... Nf4 $19) 21... gxf5 {[%emt 0:07:56] White leaves nothing to chance now.} ({Black should play} 21... Rc8 $1 $11) 22. Nxf5 $16 e6 23. Qxh5 {[%emt 0:03:02][%cal Of5e7] Intending Ne7+! and mate.} exf5 24. Bxf5 {[%emt 0:00:04][%csl Gf5][%cal Rh5h7] A strong pair of Bishops.} Rfd8 25. Bxd7 $40 {[%emt 0:00:34][%mdl 128] Black is in trouble.} Rxd7 26. Be3 Rd5 {[%emt 0:06:15] ( -> ...Nf3+)} 27. f4 Nc4 28. Qxd5 Nxe3 29. Qg5 (29. Qxb7 Qg6+ 30. Kh2 (30. Kf2 Bd4 $11) 30... Qh5+ 31. Kg3 (31. Kg1 Bd4 $15) 31... Nxf1+ 32. Rxf1 Qg6+ 33. Kh4 Qh7+ 34. Kg4 Qg6+ 35. Kf3 Qd3+ 36. Kf2 Bd4+ 37. Ke1 Qe3+ 38. Kd1 Qd3+ 39. Ke1 Qe3+ 40. Kd1 Qd3+ 41. Ke1 $11) 29... Qxb2 $2 (29... Nxf1 30. Qxf6 (30. Rxf1 Qxb2 31. Rd1 Qb6+ 32. Kg2 Qe6 $18) (30. Kxf1 Qd6 $16) 30... Bxf6) 30. Rae1 (30. Rfc1 $142) 30... Qd4 $2 (30... Nxf1 31. Re8+ (31. Rxf1 Qxa2 32. Re1 Qa4 $14) (31. Kxf1 Qh2 $18) 31... Kh7 32. Qh5+ (32. Kxf1 Qb1+ 33. Kg2 Qxa2+ 34. Kh3 Qb3+ 35. Kh4 Qd1 $16) 32... Bh6 33. Qxf7+ (33. Kxf1 Qc1+ 34. Kf2 Qxf4+ 35. Qf3 Qd4+ 36. Kg2 Kg6 $14) 33... Qg7+ 34. Qxg7+ Kxg7 35. Kxf1 Bxf4 36. Re7+ Kf6 37. Rxb7 Be3) 31. Rf2 $18 f5 32. Rc1 (32. Qe7 $142 Nd5 33. Qe6+ Kh8 34. Qe8+ Kh7 35. Qh5+ Kg8 36. Re8+ Bf8 37. Qh6) 32... Qd7 33. Re2 Ng4 34. Qg6 {[%emt 0:01:10][%cal Oe2d2] Threatening mate with Rd2!} Nf6 {[%emt 0:00:50] [#]} 35. Rd2 $3 Nd5 {[%emt 0:00:29] [#]} (35... Qe8 36. Qxe8+) 36. Rxd5 $1 {[%emt 0:00:13] Weighted Error Value: White=0.36/Black=0.89} 1-0

[Event "1st Serbian League 2022"]
[Site "Vrnjacka Banja"]
[Date "2022.09.22"]
[Round "3.21"]
[White "Nenezic, Marko"]
[Black "Perunovic, Milos"]
[Result "0-1"]
[ECO "D43"]
[WhiteElo "2528"]
[BlackElo "2542"]
[Annotator "TA"]
[PlyCount "78"]
[EventDate "2022.09.20"]
[EventType "team-tourn"]
[EventCountry "SRB"]
[SourceTitle "playchess.com"]
[Source "ChessBase"]
[SourceQuality "1"]
[TimeControl "40/5400+30:1800+30"]

1. d4 d5 2. c4 c6 3. Nf3 Nf6 4. Nc3 e6 5. Bg5 h6 6. Bh4 dxc4 7. e4 g5 8. Bg3 b5 9. Be2 Bb7 10. h4 g4 11. Ne5 Nbd7 {[%emt 0:00:10] D43: Semi-Slav: 5 Bg5 h6.} 12. Nxd7 Nxd7 (12... Qxd7 $11 13. Be5 Qe7) 13. Bxg4 $14 Rg8 {[%emt 0:04:01] White is slightly better.} 14. O-O Qb6 15. a4 a5 16. axb5 (16. Qf3 $1 $16) 16... cxb5 17. Kh1 {[%emt 0:03:53] [#]} (17. Kh2 $14) 17... Nf6 $146 {[%emt 0:12:40] [#]} (17... Rxg4 $1 $11 18. Qxg4 b4) ({Predecessor:} 17... Rxg4 18. Qxg4 b4 19. Na4 Qxd4 20. Rfd1 Qxe4 21. Qxe4 Bxe4 22. Rxd7 Kxd7 23. Nb6+ Kc6 24. Nxa8 c3 25. bxc3 b3 {½-½ (25) Jones,B (2311)-Tomecek,J (2370) ICCF email 2007}) 18. Bf3 $1 $16 Rd8 19. Be5 (19. d5 $16) 19... Nd7 $11 20. Bh2 Nf6 21. d5 h5 22. Qe2 Ng4 {[%emt 0:01:09] [#]} 23. Bg3 $1 Bc5 24. Rad1 {[%emt 0:00:00] e5 is the strong threat.} e5 $1 25. Bxg4 Rxg4 26. Bxe5 {[%emt 0:00:00] Threatens to win with g3.} Rxh4+ 27. Bh2 Kf8 (27... Qc7 $2 28. g3 Rg4 29. Nxb5 $16) 28. Qf3 Re8 29. g3 (29. Qg3 $5 Rg4 30. Qf3 $11) 29... Rg4 30. Qf5 (30. Qg2 $11) 30... Bc8 31. Qxh5 {[%emt 0:00:41][%cal Od5d6] And now d6! would win.} Kg7 {[%emt 0:00:35] Strongly threatening ...Rh8.} (31... Qf6 $5 32. f3 Rg6 $15) 32. d6 $1 Bxd6 {[%emt 0:00:20] aiming for ...b4. The board is on fire.} 33. Qxb5 Qxb5 34. Nxb5 Be5 $36 {[%emt 0:00:14][%mdl 2048] Black is more active.} 35. Nd6 (35. f3 $11 Rg6 36. Rf2) 35... Bxd6 $17 36. Rxd6 Rgxe4 37. Rd2 Re2 38. Rfd1 (38. Rxe2 $17 Rxe2 39. g4) 38... Bb7+ $19 39. Kg1 Re1+ {[%emt 0:00:07] Weighted Error Value: White=0.53/Black=0.15 (very precise)} 0-1